[Event "Early-Titled-Tuesday-Blitz-October-24-2023"]
[Site "Chess.com"]
[Date "2023.10.24"]
[Round "9"]
[White "CraiggoryC"]
[Black "C_K_G"]
[Result "0-1"]
[WhiteElo "2210"]
[BlackElo "1900"]
[TimeControl "180+1"]
[EndTime "9:42:25 PDT"]
[Termination "C_K_G won on time"]

1. e4 c5 2. Nf3 d6 3. d4 cxd4 4. Nxd4 Nf6 5. Nc3 a6 6. Be3 e5 7. Nb3 Be6 8. f3 Be7 9. Qd2 O-O 10. O-O-O b5 11. g4 Qc7 12. Kb1 Nbd7 13. Nd5 Bxd5 14. exd5 Nb6 15. Bxb6 Qxb6 16. g5 Nh5 17. Na5 Nf4 18. h4 Nxd5 19. Qxd5 Qxa5 20. Bd3 Rac8 21. Qe4 g6 22. h5 Qa4 23. hxg6 hxg6 24. Qxa4 bxa4 25.
Bxa6 Rb8 26. Rhf1 a3 27. b3 Bxg5 28. Rxd6 Bf4 29. Bc4 Kg7 30. Rd7 Rbd8 31. Rfd1 Rxd7 32. Rxd7 Be3 33. c3 g5 34. Kc2 Kg6 35. Kd3 Bf4 36.
Rd6+ Kh5 37. Ra6 f5 38. Rxa3 g4 39. fxg4+ fxg4 40. Ra7 g3 0-1

[Event "Early-Titled-Tuesday-Blitz-October-24-2023"]
[Site "Chess.com"]
[Date "2023.10.24"]
[Round "9"]
[White "NovikovaGalina"]
[Black "M1711"]
[Result "0-1"]
[WhiteElo "2436"]
[BlackElo "2576"]
[TimeControl "180+1"]
[EndTime "9:42:27 PDT"]
[Termination "M1711 won on time"]

1. e4 a6 2. Bc4 b5 3. Bxf7+ Kxf7 4. Qh5+ g6 5. Qd5+ e6 6. Qxa8 Nc6 7. Nf3 Bc5 8. c3 Bb6 9. d4 Kg7 10. O-O Nge7 11.
Bg5 Qf8 12. e5 Rg8 13. Bf6+ Kh6 14. Nbd2 Nd5 15. Ne4 Nxf6 16. Nxf6 Rh8 17. a4 b4 18. a5 Bxa5 19. Rxa5 Nxa5 20. Qe4 Kg7 21. h4 Nc6 22.
h5 Ne7 23. Qf4 Ng8 24. h6+ Nxh6 25. Qg5 Ng8 26. Ne4 Qe7 27. Qg3 Bb7 28. Neg5 Nh6 29. Qf4 Rf8 30. Qe3 Nf5 31. Qd2 h6 32. Nh3 Bxf3 33. gxf3 Nh4 34. Kh1 Nxf3 0-1

[Event "Early-Titled-Tuesday-Blitz-October-24-2023"]
[Site "Chess.com"]
[Date "2023.10.24"]
[Round "9"]
[White "Adnan_Habib"]
[Black "ural58"]
[Result "1-0"]
[WhiteElo "2346"]
[BlackElo "2505"]
[TimeControl "180+1"]
[EndTime "9:42:28 PDT"]
[Termination "Adnan_Habib won by resignation"]

1. d4 d5 2. c4 e5 3. dxe5 d4 4. Nf3 Nc6 5. Bf4 h6 6. h4 Nge7 7. a3 Ng6 8. Bg3 f6 9. exf6 Qxf6 10. b4 Bg4 11. b5 Bxf3 12. exf3 Na5 13. Bd3 O-O-O 14.
Nd2 Nf4 15. Ne4 Nxd3+ 16. Qxd3 Qf7 17. Rc1 Be7 18. O-O g5 19. hxg5 hxg5 20. c5 Qh7 21.
Nd6+ Kb8 22. Qxh7 Rxh7 23. Rfe1 cxd6 24. cxd6 Bxd6 25. Bxd6+ Ka8 26. Bc7 Rxc7 27. Rxc7 d3 28. Rd1 d2 29. Rxd2 Rg8 30. Rg7 Rc8 31. Rxg5 Nb3 32.
Rc2 Rd8 33. Kh2 b6 34. Rc7 Nd4 35. a4 Ne2 36. Rh5 Nf4 37. Rhh7 Ne6 38. Rxa7+ Kb8 39. Rhb7+ Kc8 40. Re7 Kb8 41. Rab7+ Ka8 42. Rxb6 Rh8+ 43. Kg3 Rg8+ 44. Kh4 Nf4 45. g4 Ng6+ 46. Rxg6 Rxg6 47.
f4 1-0

[Event "Early-Titled-Tuesday-Blitz-October-24-2023"]
[Site "Chess.com"]
[Date "2023.10.24"]
[Round "9"]
[White "wild3000"]
[Black "ProfessorChess101"]
[Result "0-1"]
[WhiteElo "2382"]
[BlackElo "2555"]
[TimeControl "180+1"]
[EndTime "9:42:29 PDT"]
[Termination "ProfessorChess101 won on time"]

1. e4 a6 2. f4 b5 3. Nf3 Bb7 4. d3 g6 5. a4 Bg7 6. g3 e6 7. Bg2 Ne7 8. O-O O-O 9. c3 c5 10. Be3 d6 11. Nbd2 Nd7 12. axb5 axb5 13. Qc2 Qc7 14. h4 d5 15. h5 Nf6 16. hxg6 hxg6 17.
Nb3 dxe4 18. dxe4 Bxe4 19. Qe2 c4 20. Nbd4 Bd3 21. Qd2 Bxf1 22. Rxf1 Ne4 23. Qc2 Nxg3 24. Re1 Rab8 25. Ng5 Nd5 26. Qf2 Nh5 27. Bd2 Ndxf4 28. Bf3 Bf6 29. Ne4 Nh3+ 30. Kg2 Nxf2 31. Kxf2 Qh2+ 32.
Bg2 Bh4+ 33. Kf3 Bxe1 34. Bxe1 e5 35. Ne2 f5 36. Ng5 e4+ 37. Kf2 f4 38. Nxe4 f3 39. Ke3 fxg2 40. Bf2 Rxf2 41. Kxf2 g1=Q+ 0-1

[Event "Early-Titled-Tuesday-Blitz-October-24-2023"]
[Site "Chess.com"]
[Date "2023.10.24"]
[Round "9"]
[White "ImBushchess"]
[Black "ChessBliss09"]
[Result "1-0"]
[WhiteElo "2257"]
[BlackElo "2034"]
[TimeControl "180+1"]
[EndTime "9:42:29 PDT"]
[Termination "ImBushchess won by checkmate"]

1. Nf3 d5 2. g3 c5 3. Bg2 Nc6 4. O-O e5 5. d3 Nf6 6. Nbd2 a5 7. e4 d4 8. a4 h6 9. Nc4 Bd6 10. Nfd2 O-O 11. Nxd6 Qxd6 12. Nc4 Qc7 13. f4 Be6 14. Nxe5 Nxe5 15. fxe5 Nd7 16. Bf4 Rab8 17. Qh5 b5 18.
axb5 Rxb5 19. b3 Rc8 20. g4 f6 21. exf6 Nxf6 22. Qh4 Qe7 23. Bxh6 Bxg4 24. Bg5 Be6 25. e5 c4 26. exf6 gxf6 27. Bxf6 Qh7 28. Qxh7+ Kxh7 29. dxc4 Rf5 30. Be4 Rg8+ 31. Kh1 Kg6 32. Bxf5+ Kxf6 33. Bxe6+ Kxe6 34. Rxa5 d3 35. cxd3 Rd8 36.
Rd5 Rb8 37. Ra1 Rxb3 38. Ra6+ Ke7 39. Rh5 Kf8 40. Rh7 Kg8 41. Rd7 Rb8 42. Kg2 Rb2+ 43. Kf3 Rb8 44. Kg4 Rf8 45. Kg5 Rf2 46. Ra8+ Rf8 47.
Rxf8+ Kxf8 48. h4 Ke8 49. Ra7 Kf8 50. h5 Ke8 51. h6 Kf8 52. h7 Ke8 53. h8=Q# 1-0

[Event "Early-Titled-Tuesday-Blitz-October-24-2023"]
[Site "Chess.com"]
[Date "2023.10.24"]
[Round "9"]
[White "adotand"]
[Black "GlavkonVVS"]
[Result "1-0"]
[WhiteElo "2825"]
[BlackElo "2529"]
[TimeControl "180+1"]
[EndTime "9:42:31 PDT"]
[Termination "adotand won on time"]

1. Nf3 Nf6 2. c4 c5 3. e3 Nc6 4. b3 g6 5. Bb2 Bg7 6. Be2 O-O 7. O-O d6 8. Nc3 a6 9. Rc1 Bd7 10. d4 cxd4 11. exd4 Rc8 12. h3 Na5 13. Qd2 e6 14.
Ba3 Qc7 15. Qf4 Ne8 16. Ne4 e5 17. dxe5 dxe5 18. Qd2 Bc6 19. Bxf8 Kxf8 20. Nc3 Rd8 21. Nd5 Bxd5 22. cxd5 Qb6 23. Ng5 Nf6 24. b4 Nc6 25.
dxc6 Rxd2 26. c7 Rd8 27. c8=Q Rxc8 28. Rxc8+ Ke7 29. Rfc1 Bh6 30. R1c7+ Nd7 31. Nxf7 Bf4 32. Bg4 Kxf7 33. Rxd7+ Kf6 34. h4 Qxb4 35. g3 Bxg3 36. fxg3 Qxg4 37. Rf8+ Ke6 38. Rd3 Qe2 39. Rfd8 e4 40.
R8d6+ Kf5 41. Rd2 Qe3+ 42. Kh2 Kg4 43. Rg2 Qc3 44. Re6 Qd3 45. Re5 h6 46. a4 b5 47.
axb5 axb5 48. Re6 Kf5 49. Rb6 e3 50. Rb8 e2 51. Rf8+ Ke4 52. Rgf2 1-0

[Event "Early-Titled-Tuesday-Blitz-October-24-2023"]
[Site "Chess.com"]
[Date "2023.10.24"]
[Round "9"]
[White "dianamirza"]
[Black "OLDTERMINATOR"]
[Result "1-0"]
[WhiteElo "2016"]
[BlackElo "1700"]
[TimeControl "180+1"]
[EndTime "9:42:31 PDT"]
[Termination "dianamirza won on time"]

1. e4 e6 2. d3 d5 3. Nd2 dxe4 4. dxe4 e5 5. Ngf3 Nc6 6. Bc4 Bc5 7. O-O Nf6 8. c3 a5 9. Qc2 O-O 10. Nb3 Bb6 11.
Bg5 Qe7 12. a4 Be6 13. Bd5 Bxd5 14. exd5 Nd8 15. Rfe1 Qd6 16. Rad1 Nd7 17. c4 f6 18.
Bh4 Nc5 19. Nbd2 Nf7 20. Bg3 Qd7 21. Ne4 Nd6 22. Nxd6 cxd6 23. b3 f5 24. h3 h6 25.
Nh4 Qf7 26. f4 Ne4+ 27. Kh2 Nxg3 28. Kxg3 g5 29. fxg5 f4+ 30. Kh2 hxg5 31. Nf3 Qh5 32. Qe4 g4 33. Ng1 f3 34. gxf3 1-0

[Event "Early-Titled-Tuesday-Blitz-October-24-2023"]
[Site "Chess.com"]
[Date "2023.10.24"]
[Round "9"]
[White "ContrVersia"]
[Black "MokshAD1603"]
[Result "0-1"]
[WhiteElo "2873"]
[BlackElo "2653"]
[TimeControl "180+1"]
[EndTime "9:42:32 PDT"]
[Termination "MokshAD1603 won by resignation"]

1. Nf3 d5 2. c4 d4 3. b4 c5 4. Bb2 Nf6 5. e3 dxe3 6. fxe3 cxb4 7. a3 bxa3 8. Nxa3 g6 9. d4 Bg7 10. Bd3 O-O 11. O-O b6 12. Nb5 a6 13. e4 Bb7 14. Nc3 Nc6 15. d5 Nb4 16. Bb1 Rc8 17. e5 Ng4 18. Qd4 h5 19. h3 Nh6 20. Na4 b5 21. Nc5 Qb6 22. Nd7 Qxd4+ 23. Bxd4 Rfd8 24.
Nc5 Ba8 25. Bc3 Nxd5 26. Ba5 Re8 27. Nxa6 bxc4 28. Be4 Nf5 29. Rfc1 Bh6 30. Re1 Be3+ 31. Kh2 Bf4+ 32. Kg1 c3 33. Bxd5 Bxd5 34. Nc7 Rxc7 35. Bxc7 c2 36. Ba5 Bxf3 37. gxf3 Rc8 0-1

[Event "Early-Titled-Tuesday-Blitz-October-24-2023"]
[Site "Chess.com"]
[Date "2023.10.24"]
[Round "9"]
[White "Krakozia"]
[Black "Malev212"]
[Result "1-0"]
[WhiteElo "2939"]
[BlackElo "2635"]
[TimeControl "180+1"]
[EndTime "9:42:35 PDT"]
[Termination "Krakozia won on time"]

1. e4 g6 2. d4 Bg7 3. Nf3 c6 4. c4 d5 5. cxd5 cxd5 6. e5 a6 7. h3 Nc6 8. Nc3 f6 9. exf6 Nxf6 10. Be2 O-O 11. O-O Qd6 12. Be3 Nh5 13. Re1 Nf4 14. Bf1 b5 15. Rc1 Bd7 16. a3 e6 17. b4 Rf5 18. Nb1 Raf8 19. Nbd2 h6 20. g3 g5 21. Bxf4 gxf4 22. g4 R5f7 23. Nb3 e5 24. Rxc6 Bxc6 25.
dxe5 Qd8 26. Nbd4 Qe8 27. Bd3 Re7 28. Bb1 Bd7 29. Qd3 Bh8 30. e6 Bc8 31. Nf5 Rxe6 32. Nxh6+ Rxh6 33. Rxe8 Rxe8 34. Qxd5+ Be6 35. Qg5+ Bg7 36.
Kg2 Bc4 37. Bg6 Rf8 38. Be4 Kh8 39. h4 Re6 40. Qh5+ Rh6 41. Qc5 Re6 42. Bf5 1-0

[Event "Early-Titled-Tuesday-Blitz-October-24-2023"]
[Site "Chess.com"]
[Date "2023.10.24"]
[Round "9"]
[White "PenguiinQueen"]
[Black "ketster"]
[Result "1-0"]
[WhiteElo "2324"]
[BlackElo "2501"]
[TimeControl "180+1"]
[EndTime "9:42:36 PDT"]
[Termination "PenguiinQueen won on time"]

1. e4 e5 2. Nf3 Nc6 3. Bc4 Nf6 4. d3 Be7 5. Nc3 O-O 6. O-O d6 7. a4 a5 8. h3 Be6 9. Nd5 Bxd5 10. exd5 Nb4 11.
d4 e4 12. Nd2 c6 13. dxc6 bxc6 14. c3 Nbd5 15. Re1 Nb6 16. Bf1 d5 17. f3 c5 18.
fxe4 cxd4 19. cxd4 dxe4 20. Nxe4 Bb4 21. Nc3 Rc8 22. Re3 Nc4 23. Rd3 Nd5 24. Nb5 Qh4 25. b3 Ncb6 26. Bd2 Rfe8 27. Rc1 Rxc1 28. Qxc1 h6 29.
Bxb4 Nxb4 30. Rd1 N6d5 31. Qc5 Re3 32. Nd6 Rxb3 33. Qc8+ Kh7 34. Nxf7 1-0

[Event "Early-Titled-Tuesday-Blitz-October-24-2023"]
[Site "Chess.com"]
[Date "2023.10.24"]
[Round "9"]
[White "Beca95"]
[Black "Fonsofan"]
[Result "1-0"]
[WhiteElo "2923"]
[BlackElo "2737"]
[TimeControl "180+1"]
[EndTime "9:42:38 PDT"]
[Termination "Beca95 won by resignation"]

1. c4 Nf6 2. Nc3 c5 3. Nf3 Nc6 4. d4 cxd4 5. Nxd4 e6 6. Bf4 a6 7. g3 Qb6 8. Nb3 d5 9. cxd5 Nxd5 10. Nxd5 exd5 11. Bg2 Bb4+ 12. Bd2 Be6 13. O-O O-O 14. Bxb4 Qxb4 15. Rc1 Rac8 16. Rc2 d4 17. Qd3 Qb5 18.
Qxb5 axb5 19. Rd2 Bxb3 20. axb3 Rfd8 21. Rc1 Kf8 22. Rc5 Na7 23. Rxc8 Nxc8 24. Bxb7 Nb6 25. Bc6 b4 26. Kg2 Rd6 27. Be4 Ke7 28. Rc2 g6 29. f4 f5 30. Bd3 Kd8 31. Rc5 Nd5 32. Kf2 Ne3 33. Ke1 Ke7 34. Rb5 Rc6 35. Bc4 Nxc4 36. bxc4 Rxc4 37. b3 Rc2 38. Rxb4 Rb2 39. Rb7+ Kf6 40. Rxh7 Rxb3 41. Rd7 Rb4 42. Rd6+ Kf7 43.
Kd2 Ra4 44. Kd3 Ra1 45. Kxd4 Rh1 46. h4 Rg1 47. Ke5 Rxg3 48. h5 Ke8 49. hxg6 1-0

[Event "Early-Titled-Tuesday-Blitz-October-24-2023"]
[Site "Chess.com"]
[Date "2023.10.24"]
[Round "9"]
[White "angryspacevoid"]
[Black "IljaZaragatski"]
[Result "0-1"]
[WhiteElo "2521"]
[BlackElo "2648"]
[TimeControl "180+1"]
[EndTime "9:42:38 PDT"]
[Termination "IljaZaragatski won by resignation"]

1. e4 e6 2. d4 d5 3. Nc3 Nc6 4. e5 a6 5. f4 Nh6 6. Nf3 Nf5 7. Ne2 b6 8. Ng3 Nh4 9. c3 a5 10. Bb5 Bd7 11. O-O Nxe5 12. Nxe5 Bxb5 13. Re1 Be7 14. Qg4 Ng6 15. f5 Nxe5 16. dxe5 exf5 17. Qxg7 Rf8 18.
Nxf5 Qd7 19. Nxe7 Qxe7 20. Bh6 O-O-O 21. Bg5 Qc5+ 22. Kh1 Rde8 23. Be3 Qc6 24. Qf6 Qxf6 25. exf6 Re6 26. Bh6 Rfe8 27. Bd2 c5 28. Kg1 Kd7 29. Rxe6 Rxe6 30. Re1 Rxf6 31. g3 Re6 32. Rxe6 fxe6 33. Kf2 e5 34. Ke3 Ke6 35. g4 d4+ 36. cxd4 cxd4+ 37. Ke4 Bc6+ 38. Kd3 Kd5 39. g5 e4+ 40. Ke2 Bb5+ 41.
Kd1 e3 42. Bc1 Ke4 43. h4 Bd7 44. h5 Bg4+ 45. Ke1 Bxh5 46. b3 d3 0-1

[Event "Early-Titled-Tuesday-Blitz-October-24-2023"]
[Site "Chess.com"]
[Date "2023.10.24"]
[Round "9"]
[White "Cambek64"]
[Black "profedechess93"]
[Result "0-1"]
[WhiteElo "2458"]
[BlackElo "2615"]
[TimeControl "180+1"]
[EndTime "9:42:43 PDT"]
[Termination "profedechess93 won on time"]

1. b3 d5 2. Bb2 Nf6 3. e3 a6 4. Nf3 c5 5. Be2 Nc6 6. O-O Bg4 7. d3 e6 8. Nbd2 Bd6 9. c4 O-O 10.
cxd5 exd5 11. Rc1 Rc8 12. Nh4 Be6 13. Nhf3 Bg4 14. Nh4 Be6 15. Nhf3 Re8 16. d4 cxd4 17. Nxd4 Nxd4 18. Bxd4 Qe7 19. Rxc8 Rxc8 20. Qb1 Ba3 21. Nf3 Bg4 22. h3 Bh5 23. Rd1 Ne4 24. Bb2 Nc3 25. Bxc3 Rxc3 26. Nd4 Bg6 27. Qa1 Qc5 28. Bf3 h6 29.
Ne2 Rc2 30. Rxd5 Qc7 31. Qd4 Bb2 32. Rd8+ Kh7 33. Qd7 Bf6 34. Qxc7 Rxc7 35. Rd2 Bb1 36. g3 g6 37. Kg2 Kg7 38. h4 b5 39. Nd4 Rc1 40.
Be2 Be4+ 41. Bf3 Bb1 42. Be2 Be7 43. Bf3 Bb4 0-1

[Event "Early-Titled-Tuesday-Blitz-October-24-2023"]
[Site "Chess.com"]
[Date "2023.10.24"]
[Round "9"]
[White "Iskusnyh"]
[Black "JG-17"]
[Result "0-1"]
[WhiteElo "2578"]
[BlackElo "2495"]
[TimeControl "180+1"]
[EndTime "9:42:43 PDT"]
[Termination "JG-17 won on time"]

1. d4 d6 2. Nf3 Nf6 3. c4 g6 4. g3 Bg7 5. Bg2 O-O 6. Nc3 Nbd7 7. O-O e5 8. e4 Re8 9. h3 exd4 10. Nxd4 c6 11.
Be3 Nc5 12. Qc2 a5 13. Rad1 Qc7 14. b3 Ne6 15. Nde2 Nc5 16. f4 Nfxe4 17. Nxe4 Nxe4 18.
Bxe4 Qe7 19. Bg2 Qxe3+ 20. Rf2 Bf5 21. Qd2 Rad8 22. Nd4 Bxd4 23. Qxd4 Qxg3 24. Rf3 Re1+ 25. Rxe1 Qxe1+ 26. Kh2 d5 27. Re3 Qh4 28. cxd5 cxd5 29.
Re5 Be6 30. a3 Qe7 31. f5 gxf5 32. Re3 Qd6+ 33. Rg3+ Kf8 34. Qf6 f4 35. Rf3 d4 36.
Rxf4 d3 37. Qh6+ Ke7 38. Qh4+ Ke8 39. Bf3 d2 40. Bd1 Qe5 41. Qg3 Rd3 42. Qg8+ Ke7 43. Kg1 Qxf4 0-1

[Event "Early-Titled-Tuesday-Blitz-October-24-2023"]
[Site "Chess.com"]
[Date "2023.10.24"]
[Round "9"]
[White "slorovel"]
[Black "LuisFSiles"]
[Result "1-0"]
[WhiteElo "2466"]
[BlackElo "2287"]
[TimeControl "180+1"]
[EndTime "9:42:43 PDT"]
[Termination "slorovel won on time"]

1. e4 c5 2. Nf3 Nc6 3. Bb5 g6 4. Bxc6 dxc6 5. O-O Bg7 6. d3 Nf6 7. a4 a5 8. Bd2 O-O 9. Na3 b6 10. Nc4 Bg4 11. h3 Bxf3 12. Qxf3 Nd7 13. Qe2 Ne5 14. Nxe5 Bxe5 15. Bc3 Bd4 16. Bxd4 Qxd4 17. b3 e5 18. Kh1 g5 19. Rae1 f6 20. Qg4 Qd6 21. g3 Rad8 22. Re3 Qd7 23. Qh5 Qf7 24. Qe2 Qe6 25.
Kh2 Rd7 26. Rf3 f5 27. exf5 Rxf5 28. Rxf5 Qxf5 29. Re1 Rd5 30. Kg2 Kg7 31. Qh5 Qg6 32. Qg4 h5 33. Qc8 Qf7 34. Qxc6 g4 35. hxg4 hxg4 36. Re3 e4 37. Qc8 Rf5 38. Re2 exd3 39. cxd3 Rg5 40. Qc6 Rd5 41. Re3 Rf5 42. f4 1-0

[Event "Early-Titled-Tuesday-Blitz-October-24-2023"]
[Site "Chess.com"]
[Date "2023.10.24"]
[Round "9"]
[White "dropstoneDP"]
[Black "Rud_Makarian"]
[Result "1-0"]
[WhiteElo "3098"]
[BlackElo "2972"]
[TimeControl "180+1"]
[EndTime "9:42:46 PDT"]
[Termination "dropstoneDP won on time"]

1. e4 c5 2. Nf3 Nc6 3. d4 cxd4 4. Nxd4 Nf6 5. Nc3 d6 6. Bc4 e6 7.
Be3 Na5 8. Bd3 a6 9. g4 b5 10.
g5 Nd7 11. a3 Bb7 12. f4 Rc8 13. Qg4 Nc4 14. Bxc4 Rxc4 15. f5 e5 16. Nb3 d5 17.
O-O-O d4 18. Nxd4 exd4 19. Bxd4 Qc7 20. Rhe1 Bxa3 21. Nd5 Rxc2+ 22. Kb1 Qc4 23. Ne3 Rxb2+ 24. Bxb2 Bxe4+ 25. Qxe4+ Qxe4+ 26. Nc2 Qxe1 27. Rxe1+ Kd8 28. Nxa3 Rg8 29. Bd4 g6 30. h4 gxf5 31. Rf1 f6 32. gxf6 Rg4 33. Nc2 Ke8 34. Rxf5 Kf7 35. Rh5 Nf8 36.
Rd5 Rxh4 37. Ne3 Re4 38. Kc2 h6 39. Kd3 Re6 40. Ng4 Nh7 41. Nxh6+ Kg6 42. Ng4 b4 43. Rd7 Nxf6 44. Nxf6 Re1 45. Ne4 b3 46. Nd2 b2 47.
Bxb2 Re6 48. Bd4 a5 49. Nc4 a4 50. Ra7 a3 51. Rxa3 Kf5 52. Ne3+ Kf4 53. Ra1 Kg5 54. Rg1+ Kh5 55. Nd5 Ra6 56. Nf4+ Kh6 57. Ke4 1-0

[Event "Early-Titled-Tuesday-Blitz-October-24-2023"]
[Site "Chess.com"]
[Date "2023.10.24"]
[Round "9"]
[White "SargissyanSargis"]
[Black "Apocalyps999"]
[Result "1/2-1/2"]
[WhiteElo "2386"]
[BlackElo "2288"]
[TimeControl "180+1"]
[EndTime "9:42:46 PDT"]
[Termination "Game drawn by repetition"]

1. e4 e5 2. Nf3 Nc6 3. Bb5 a6 4. Ba4 Nf6 5. Nc3 b5 6. Bb3 d6 7. Ng5 Nd4 8. Nxf7 Qe7 9. Nxh8 Nxb3 10. axb3 Bg4 11. f3 Bd7 12. d4 exd4 13. Qxd4 Nh5 14.
O-O g6 15. Nd5 Qd8 16. f4 Bg7 17. e5 Bxh8 18. Qe3 dxe5 19. fxe5 Bf5 20. Nf6+ Nxf6 21. exf6+ Kf7 22. Qe7+ Qxe7 23. fxe7 Kxe7 24. Bg5+ Kd7 25. Rad1+ Kc6 26. c3 Bc2 27. Rd2 Bxb3 28. Bf6 Bxf6 29. Rxf6+ Kc5 30. Rf4 a5 31. Rh4 h5 32. Re4 a4 33.
Re5+ Kb6 34. Re7 Rf8 35. Rg7 Rf6 36. h4 c6 37. Kh2 Bd5 38. Kg3 Kc5 39. Rf2 Re6 40.
Kf4 Rf6+ 41. Ke3 Re6+ 42. Kf4 Rf6+ 43. Ke3 Re6+ 44. Kf4 1/2-1/2

[Event "Early-Titled-Tuesday-Blitz-October-24-2023"]
[Site "Chess.com"]
[Date "2023.10.24"]
[Round "9"]
[White "eljanov"]
[Black "GMWSO"]
[Result "0-1"]
[WhiteElo "2813"]
[BlackElo "3064"]
[TimeControl "180+1"]
[EndTime "9:42:47 PDT"]
[Termination "GMWSO won on time"]

1. d4 Nf6 2. Bf4 c5 3. e3 Qb6 4. Nc3 d6 5. a3 g6 6. Nf3 Bg7 7. h3 O-O 8. Be2 Bd7 9. Rb1 cxd4 10. exd4 Bf5 11. g4 Be4 12. O-O Nc6 13. Be3 Qc7 14.
d5 Bxf3 15. Bxf3 Ne5 16. Bg2 a6 17. Bd4 Rac8 18. Re1 Rfe8 19. f4 Nc4 20. Qd3 b5 21.
Ne2 Nd7 22. Bxg7 Kxg7 23. c3 Nc5 24. Qg3 e5 25. dxe6 Nxe6 26. f5 Qc5+ 27. Kh1 Ng5 28. Nd4 d5 29. Qf4 Ne4 30. Bxe4 dxe4 31. Rf1 Rc7 32.
Rbe1 Kg8 33. Re2 e3 34. b3 Nd2 35. Rfe1 Qd5+ 36. Kh2 Rxc3 37. Rxd2 Re4 38. Qb8+ Kg7 39. f6+ Kh6 40. Qg3 g5 0-1

[Event "Early-Titled-Tuesday-Blitz-October-24-2023"]
[Site "Chess.com"]
[Date "2023.10.24"]
[Round "9"]
[White "Manukyan_Artak"]
[Black "McCarthyStone"]
[Result "1-0"]
[WhiteElo "2400"]
[BlackElo "2306"]
[TimeControl "180+1"]
[EndTime "9:42:48 PDT"]
[Termination "Manukyan_Artak won by resignation"]

1. e4 e5 2. Nf3 d6 3. Bc4 Nf6 4. Nc3 Be7 5. d4 exd4 6. Qxd4 O-O 7. Bg5 a6 8. O-O-O b5 9. Bd3 c5 10. Qe3 Be6 11. h4 b4 12. Bxf6 Bxf6 13. Nd5 Bxd5 14.
exd5 Nd7 15. g4 Re8 16. Qf4 Qa5 17. Kb1 Ne5 18. g5 Nxd3 19. Rxd3 Be5 20. Qc4 Qb5 21. Qxb5 axb5 22. Re1 Bf4 23. Rdd1 Kf8 24. Rxe8+ Rxe8 25. Re1 Rxe1+ 26. Nxe1 h6 27. gxh6 Bxh6 28. a3 bxa3 29. bxa3 Ke7 30. c4 bxc4 31. a4 Bd2 32. Nf3 Ba5 33.
Ng5 Kf6 34. f4 Bc7 35. Kc2 Ba5 36. Ne4+ Ke7 37. h5 Kd7 38. f5 Ke7 39. f6+ Kf8 40. fxg7+ Kxg7 41. Nxd6 Kh6 42. Nxc4 Bd8 43. a5 Bc7 44. a6 Bb8 45. d6 1-0

[Event "Early-Titled-Tuesday-Blitz-October-24-2023"]
[Site "Chess.com"]
[Date "2023.10.24"]
[Round "9"]
[White "Kostukov_Alex"]
[Black "diamonds13"]
[Result "0-1"]
[WhiteElo "2395"]
[BlackElo "2317"]
[TimeControl "180+1"]
[EndTime "9:42:51 PDT"]
[Termination "diamonds13 won on time"]

1. g3 d5 2. Bg2 e5 3. d3 c6 4. e4 Nf6 5. Qe2 Bg4 6. Nf3 Nbd7 7. h3 Bxf3 8. Bxf3 dxe4 9. dxe4 Nc5 10. O-O Ne6 11.
c3 h5 12. h4 Bc5 13. Rd1 Qe7 14. Nd2 g5 15. hxg5 Nxg5 16. Nc4 Nh3+ 17. Kg2 Nxf2 18.
Rf1 N6g4 19. b4 b5 20. bxc5 bxc4 21. Rxf2 Nxf2 22. Qxf2 h4 23. Bg4 hxg3 24. Qxg3 Rd8 25. Bg5 Qxg5 26. Bd7+ Kxd7 27. Qxg5 Rdg8 28. Rd1+ Kc7 29.
Qxg8 Rxg8+ 30. Kf3 Rb8 31. Rd2 Rb1 32. Kg4 Rc1 33.
Rf2 Rxc3 34. Rxf7+ Kb8 35. Re7 Re3 36. Rxe5 c3 37.
Re8+ Kb7 38. Kf4 c2 39. Kxe3 c1=Q+ 40. Kd4 Qd2+ 41. Kc4 Qxa2+ 42. Kd4 Qb2+ 43. Kc4 Qb5+ 44. Kd4 Qb4+ 45. Ke5 Qxc5+ 46. Kf6 Qd4+ 47. e5 a5 48. Ke6 a4 49. Re7+ Kb6 50. Rd7 Qg4+ 51. Kd6 Qf4 52. Rd8 a3 53. Ra8 a2 0-1

[Event "Early-Titled-Tuesday-Blitz-October-24-2023"]
[Site "Chess.com"]
[Date "2023.10.24"]
[Round "9"]
[White "campochess"]
[Black "Happy1712Drummer"]
[Result "0-1"]
[WhiteElo "2197"]
[BlackElo "2373"]
[TimeControl "180+1"]
[EndTime "9:42:51 PDT"]
[Termination "Happy1712Drummer won by resignation"]

1. d4 d6 2. e4 Nf6 3. Nc3 g6 4. Bg5 Bg7 5. Qd2 O-O 6. Bh6 c5 7. Bxg7 Kxg7 8. Nf3 cxd4 9. Nxd4 Nc6 10. Nxc6 bxc6 11.
Be2 Rb8 12. b3 Qa5 13. Rd1 Ba6 14. f3 Bxe2 15. Nxe2 Qxa2 16. O-O Qa6 17. Kh1 Qb6 18. Ra1 Rfd8 19. Nf4 e5 20. Nd3 Re8 21. Qc3 Rbd8 22.
Nb2 d5 23. Na4 Qb5 24. exd5 cxd5 25. Rfe1 d4 26. Qc5 Qxc5 27. Nxc5 Rc8 28. b4 Rc7 29. Ra4 Nd7 30. Ne4 Rxc2 31. Rxa7 Nf6 32. Nd6 Rf8 33. h4 d3 34. Raa1 Rd8 35. Nb5 d2 36. Red1 Nd5 37. Kh2 Ne3 38. Na3 Rb2 39. Rab1 Rxb1 40.
Rxb1 d1=Q 0-1

[Event "Early-Titled-Tuesday-Blitz-October-24-2023"]
[Site "Chess.com"]
[Date "2023.10.24"]
[Round "9"]
[White "krzyzan94"]
[Black "tusplingher"]
[Result "1-0"]
[WhiteElo "2742"]
[BlackElo "2497"]
[TimeControl "180+1"]
[EndTime "9:42:52 PDT"]
[Termination "krzyzan94 won by resignation"]

1. e4 c5 2. Nf3 d6 3. d4 cxd4 4. Nxd4 Nf6 5. Nc3 a6 6. Be2 e5 7. Nb3 Be7 8. O-O O-O 9. Qd3 Nc6 10. Be3 Be6 11. Rad1 Rc8 12. a3 Qc7 13. Nd5 Bxd5 14.
exd5 Na5 15. Nxa5 Qxa5 16. b4 Qa4 17. c4 Rfd8 18. Rc1 Qe8 19. Rfd1 h6 20. h3 Bf8 21. Bb6 Rd7 22. Qe3 Be7 23. a4 Bd8 24. a5 Bxb6 25. axb6 Qd8 26. Bf3 Qe7 27. c5 dxc5 28. bxc5 e4 29. d6 Qe5 30. Be2 Nd5 31. Qd4 Qxd4 32.
Rxd4 Nf4 33. Bf1 Ne6 34. Rd5 Nf4 35. Re5 Ne6 36. Rc4 Rc6 37. h4 g6 38. g3 Kg7 39.
Bh3 Kf6 40. Bxe6 fxe6 41. Rcxe4 Kf7 42. Rxe6 Rxc5 43. Re7+ Rxe7 44. Rxe7+ Kf6 45. Rxb7 Rd5 46. d7 Ke7 47. Ra7 Rxd7 48. b7 Rd1+ 49. Kg2 Rb1 50. b8=Q+ 1-0

[Event "Early-Titled-Tuesday-Blitz-October-24-2023"]
[Site "Chess.com"]
[Date "2023.10.24"]
[Round "9"]
[White "Fh2411"]
[Black "Maect19"]
[Result "1-0"]
[WhiteElo "2525"]
[BlackElo "2295"]
[TimeControl "180+1"]
[EndTime "9:42:52 PDT"]
[Termination "Fh2411 won by resignation"]

1. d4 d5 2. Nf3 Nf6 3. Bf4 e6 4. e3 Bd6 5. Bg3 Nc6 6. Nbd2 O-O 7. c3 Qe7 8. Ne5 Nd7 9. f4 f6 10. Nxd7 Bxd7 11. Nf3 e5 12. dxe5 fxe5 13. Qxd5+ Kh8 14. fxe5 Bc5 15. Bc4 Bxe3 16. e6 Be8 17.
Qe4 Bb6 18. Nh4 Bh5 19. Bd3 g6 20. Nf3 Rae8 21. Bc4 Bxf3 22. gxf3 Qf6 23. Bd5 Qf5 24. O-O-O Qxe4 25. fxe4 Kg7 26. Rhf1 Nd8 27. Be5+ Kh6 28. Rxf8 Rxf8 29. e7 Re8 30. exd8=Q Rxd8 31. Bxb7 Re8 32. Bf4+ Kh5 33. Rd7 c5 34. Rxh7+ Kg4 35. Bg3 c4 36. b3 cxb3 37. axb3 Rd8 38. Kc2 Be3 39. Bd5 Rf8 40.
b4 Rf1 41. Rg7 g5 42. Kd3 Bc1 43. b5 Rf3+ 44. Kc2 Be3 45. Rf7 1-0

[Event "Early-Titled-Tuesday-Blitz-October-24-2023"]
[Site "Chess.com"]
[Date "2023.10.24"]
[Round "9"]
[White "Jojo_898"]
[Black "Malikova777"]
[Result "1/2-1/2"]
[WhiteElo "2343"]
[BlackElo "2254"]
[TimeControl "180+1"]
[EndTime "9:42:52 PDT"]
[Termination "Game drawn - insufficient material"]

1. e4 c6 2. d4 d5 3. Nd2 dxe4 4. Nxe4 Bf5 5. Ng3 Bg6 6. Nf3 Nd7 7. h4 h6 8. Bd3 Bxd3 9. Qxd3 e6 10. Bf4 Qa5+ 11.
c3 Ngf6 12. O-O Nd5 13. Bd2 Qc7 14. c4 Nf4 15. Qe3 Ng6 16. d5 e5 17. dxc6 bxc6 18.
h5 Nf4 19. Rfe1 O-O-O 20. Nxe5 Qxe5 21. Qxf4 Qxf4 22. Bxf4 Bc5 23. Ne4 Bb4 24. Red1 Nf6 25. Nxf6 gxf6 26. a3 Bc5 27. b4 Bd4 28. Ra2 Bxf2+ 29.
Kxf2 Rxd1 30. Be3 Kb7 31. Kf3 Rd3 32. Ke4 Rb3 33. Bd4 Re8+ 34. Kf5 Rg8 35. Kxf6 Rg5 36.
Kxf7 Rxh5 37. Bc5 Rf5+ 38. Kg6 Rg5+ 39. Kxh6 Rbg3 40. Re2 Rxg2 41. Re7+ Kc8 42. Re6 Kd7 43. Rd6+ Kc7 44. Rf6 R5g4 45. Kh7 Rh2+ 46. Rh6 Rxh6+ 47.
Kxh6 Rxc4 48. Bxa7 Rc3 49. a4 Rc4 50. Bc5 Kd7 51.
Kg5 Ke6 52. a5 Kd7 53. a6 Kc7 54. a7 Kb7 55. Kf5 Rc2 56. Ke5 Rd2 57. Ke6 Rd1 58.
Ke5 Rd2 59. Bd4 Rd1 60. Be3 Re1 61. Ke4 Rxe3+ 62. Kxe3 Kxa7 63. Kd4 Kb6 64. Kc4 Kb7 65. Kc5 Kc7 66. b5 cxb5 67. Kxb5 1/2-1/2